 Dungeon Crawl Stone Soup version 0.29.1-4-g47bece8355 (webtiles) character file.

Game seed: 18309335717987906899

7572 concernfroge the Spear-Bearer (level 10, 0/85 HPs)
             Began as a Mummy Monk on Dec 3, 2022.
             Was an Initiate of Gozag.
             Constricted to death by Joseph (6 damage)
             ... on level 11 of the Dungeon.
             The game lasted 00:30:27 (9201 turns).

concernfroge the Spear-Bearer (Mummy Monk)          Turns: 9201, Time: 00:30:28

Health: 0/85       AC: 13    Str: 19    XL:     10   Next: 97%
Magic:  10/10      EV:  2    Int:  9    God:    Gozag
Gold:   358        SH: 14    Dex: 11    Spells: 9/9 levels left

rFire   + + .      SeeInvis +   a - +5 trident
rCold   x . .      Faith    .   n - +5 tower shield of Qofri {Regen+ Dex-4 Slay+2 SInv}
rNeg    + + +      Spirit   .   c - +0 fire dragon scales
rPois   ∞          Reflect  .   k - +1 hat
rElec   .          Harm     .   f - +0 cloak
rCorr   +          Rampage  .   y - +0 pair of gloves
Will    +....                   s - +1 pair of boots
Stlth   ..........              (no amulet)
HPRegen 1.04/turn               i - ring of resist corrosion
MPRegen 0.12/turn               h - ring of fire

@: about to teleport, grasped by roots, constricted
A: cold resistance 1, negative energy resistance 3, torment resistance 2, heat
vulnerability 1, in touch with death 1, no potions
a: Renounce Religion, Potion Petition, Call Merchant, Bribe Branch


You were on level 11 of the Dungeon.
You worshipped Gozag.
Gozag was aware of your devotion.
You visited 2 branches of the dungeon, and saw 12 of its levels.

You collected 1436 gold pieces.
You spent 56 gold pieces at shops.
You paid 1022 gold pieces to Gozag.

Inventory:

Hand Weapons
 a - a +5 trident (weapon)
Missiles
 j - 3 boomerangs
 t - 2 silver javelins (quivered)
 v - 11 poisoned darts
 x - a throwing net
Armour
 c - +0 fire dragon scales (worn)
 f - a +0 cloak (worn)
 k - a +1 hat (worn)
 n - the +5 tower shield of Qofri (worn) {Regen+ Dex-4 Slay+2 SInv}
   (You found it on level 4 of the Dungeon)

   Dex:       It affects your dexterity (-4).
   Slay:      It affects your accuracy & damage with ranged weapons and melee
   (+2).
   SInv:      It lets you see invisible.
   Regen:     It increases your rate of health regeneration.
 s - a +1 pair of boots (worn)
 y - a +0 pair of gloves (worn)
Magical Staves
 b - a staff of cold
Jewellery
 e - a +6 ring of dexterity
 h - a ring of fire (right hand)
 i - a ring of resist corrosion (left hand)
 p - a ring of protection from fire
Wands
 m - a wand of digging (6)
Scrolls
 d - a scroll of fog
 l - 2 scrolls of amnesia
 o - 6 scrolls of noise
 q - 3 scrolls of vulnerability
 r - 2 scrolls of teleportation
 u - a scroll of silence
 w - a scroll of identify


   Skills:
 - Level 10.0 Fighting
 + Level 12.1 Polearms
 - Level 2.4 Dodging
 - Level 1.5 Stealth


You had 9 spell levels left.
You didn't know any spells.
Your spell library contained the following spells:

 Spells                   Type           Power      Damage    Failure   Level
 Necrotise                Necr           0%         1d4       100%        1
 Conjure Flame            Conj/Fire      0%         6-21      100%        3
 Ignite Poison            Fire/Tmut/Pois 0%         N/A       100%        3
 Stone Arrow              Conj/Erth      0%         3d7       100%        3
 Vampiric Draining        Necr           0%         2d6       100%        3
 Animate Armour           Summ/Erth      0%         N/A       100%        4
 Sticky Flame             Conj/Fire      0%         2d3       100%        4
 Agony                    Necr           0%         N/A       100%        5
 Fireball                 Conj/Fire      0%         3d3       100%        5
 Starburst                Conj/Fire      0%         6d3       100%        6
 Ignition                 Fire           0%         3d3       100%        8
 Lehudib's Crystal Spear  Conj/Erth      0%         10d2      100%        8


Dungeon Overview and Level Annotations

Branches:
Dungeon (11/15)            Temple (1/1) D:4            Lair (0/5) D:11
    Orc: D:9-12

Altars:
Ashenzari
Cheibriados
Dithmenos
Fedhas
Gozag
Hepliaklqana
Kikubaaqudgha
Makhleb
Nemelex Xobeh
Okawaru
Qazlal
Ru
Sif Muna
Trog
Vehumet
Wu Jian
Xom
Yredelemnul

Shops:
D:1 :   D:5 *   D:7 :

Annotations:
D:7 2 transporters, BiteMe's ghost, novice DsFE
D:11 Joseph


Innate Abilities, Weirdness & Mutations

You are immune to poison.
Your flesh is cold resistant. (rC+)
You are immune to negative energy. (rN+++)
You are immune to unholy pain and torment.
You are vulnerable to heat. (rF-)
You are in touch with the powers of death.
You do not drink.


Message History

The roots grasp on you weakens, but your attempt to escape fails.
Joseph shoots a sling bullet.
You block the sling bullet. The grasping roots constrict you.
The grasping roots release their grip on you.
Found a club.
Joseph unwields a +0 sling.
Joseph wields a +0 quarterstaff.
Joseph hits you with a +0 quarterstaff!
You are too injured to fight recklessly!
You hit Joseph.
Joseph is moderately wounded.
Joseph zaps a wand.
The roots erupt in riotous growth!
The grasping roots grab you!
Joseph is unaffected.
The grasping roots constrict you.
You closely miss Joseph.
Joseph is moderately wounded.
You block Joseph's attack. The grasping roots constrict you.
You puncture Joseph!
Joseph is heavily wounded.
Joseph hits you with a +0 quarterstaff! The grasping roots constrict you.
Okay, then.
Okay, then.
Okay, then.
Okay, then.
As you read the scroll of teleportation, it crumbles to dust.
You feel strangely unstable. You block Joseph's attack.
The grasping roots constrict you!
* * * LOW HITPOINT WARNING * * *
The grasping roots release their grip on you.
Joseph attacks as you move away! Joseph hits you with a +0 quarterstaff!
* * * LOW HITPOINT WARNING * * *
Joseph zaps a wand.
The roots erupt in riotous growth!
The grasping roots grab you!
The now-empty wand crumbles to dust.
The grasping roots constrict you.
* * * LOW HITPOINT WARNING * * *
The roots grasp on you weakens, but your attempt to escape fails.
The grasping roots constrict you.
* * * LOW HITPOINT WARNING * * *
The roots grasp on you weakens, but your attempt to escape fails.
Joseph hits you but does no damage. The grasping roots constrict you.
You die...
Your body crumbles into a pile of gold.

##########################
#
...............)..........
.
............#####.........
. ............# #......##.
. #...........#####......#
.
#......................##
.
#........................
(
#.........................
.
................@@........
#
......############........
.##...# ..(.### .##...#
..(.# .##...# .(....
.##...# .....). .##...#
.)..... .##...# .##...#


You could see Joseph.

Vanquished Creatures
  A hydra (D:11)
  Urug (D:11)
  A cyclops (D:10)
  Maurice (D:9)
  A komodo dragon (D:11)
  A troll (D:11)
  A shadow (D:11)
  A wraith (D:9)
  8 yaks
  2 steam dragons
  5 orc warriors
  A sky beast (D:7)
  An ice beast (D:6)
  A wolf (D:11)
  4 centaurs
  2 phantoms
  5 bullfrogs
  2 gnoll sergeants
  A necrophage (D:7)
  4 scorpions
  3 wights (D:9)
  Dowan (D:5)
  4 killer bees (D:9)
  A howler monkey (D:9)
  2 electric eels (D:11)
  3 jellies
  7 hounds
  2 orc priests
  4 iguanas (D:5)
  6 orc wizards
  13 gnolls
  14 adders
  A shadow imp (D:5)
  3 white imps
  An ufetubus (D:3)
  5 worms
  4 dart slugs
  15 orcs
  10 endoplasms
  3 giant cockroaches
  5 goblins
  11 hobgoblins
  3 jackals (D:1)
  4 kobolds
  A quokka (D:2)
  13 ball pythons
  7 bats
  5 frilled lizards (D:1)
  8 rats
203 creatures vanquished.

Vanquished Creatures (collateral kills)
  Duvessa (D:5)
1 creature vanquished.

Vanquished Creatures (others)
  A gnoll (D:11)
1 creature vanquished.

Grand Total: 205 creatures vanquished

Notes
Turn   | Place    | Note
-------+----------+-------------------------------------------
     0 | D:1      | concernfroge the Mummy Monk began the quest for the Orb.
     0 | D:1      | Reached XP level 1. HP: 18/18 MP: 1/1
   195 | D:1      | Reached XP level 2. HP: 22/24 MP: 2/2
   547 | D:1      | Gained mutation: You are in touch with the powers of death.
                  | [Mummy growth]
   547 | D:1      | Reached XP level 3. HP: 27/30 MP: 3/3
   672 | D:1      | Found a faded altar of an unknown god.
   869 | D:1      | Found Coitaopt's Book Boutique.
  1381 | D:2      | Reached skill level 5 in Fighting
  1381 | D:2      | Reached XP level 4. HP: 34/39 MP: 4/4
  1792 | D:3      | Identified the +0 robe of Beogh's Approval {Drain *Slow
                  | Str+4 Dex+7}
  2097 | D:3      | Found a blossoming altar of Fedhas.
  2602 | D:4      | Noticed a scorpion
  2609 | D:4      | Killed a scorpion
  2610 | D:4      | Reached XP level 5. HP: 43/46 MP: 5/5
  3011 | D:4      | Identified the +5 tower shield of Qofri {Regen+ Dex-4
                  | Slay+2 SInv}
  3042 | D:4      | Reached XP level 6. HP: 55/55 MP: 6/6
  3049 | D:4      | Found a staircase to the Ecumenical Temple.
  3062 | Temple   | Entered the Ecumenical Temple
  3749 | D:5      | Entered Level 5 of the Dungeon
  3878 | D:5      | Found an opulent altar of Gozag.
  3878 | D:5      | Found a sparkling altar of Nemelex Xobeh.
  3884 | D:5      | Became a worshipper of Gozag Ym Sagoz the Greedy
  3909 | D:5      | Reached XP level 7. HP: 62/62 MP: 7/7
  4102 | D:5      | Noticed Dowan
  4104 | D:5      | Noticed Duvessa
  4118 | D:5      | Killed Duvessa
  4138 | D:5      | Killed Dowan
  4157 | D:5      | Found Buvvalui's Assorted Antiques.
  4160 | D:5      | Bought a scroll labelled CEISUD DAKOM for 28 gold pieces
  4160 | D:5      | Bought a scroll labelled CEISUD DAKOM for 28 gold pieces
  4774 | D:2      | Reached XP level 8. HP: 53/72 MP: 8/8
  5549 | D:6      | Noticed a komodo dragon
  5631 | D:5      | Reached skill level 10 in Fighting
  5817 | D:6      | Reached skill level 3 in Polearms
  6109 | D:7      | Found an iron altar of Okawaru.
  6139 | D:7      | Reached skill level 4 in Polearms
  6297 | D:7      | Reached skill level 5 in Polearms
  6338 | D:7      | Found a basalt altar of Yredelemnul.
  6393 | D:7      | Found a transporter.
  6414 | D:7      | Found a transporter.
  6415 | D:7      | Found a bloodstained altar of Trog.
  6417 | D:7      | Noticed BiteMe's ghost (novice DsFE)
  6417 | D:7      | Noticed a moth of wrath
  6439 | D:7      | Found Daul's Book Shoppe.
  6569 | D:7      | Found a burning altar of Makhleb.
  6569 | D:7      | Found an ornate altar of the Wu Jian Council.
  6570 | D:7      | Found a snail-covered altar of Cheibriados.
  6619 | D:7      | Reached skill level 6 in Polearms
  6623 | D:7      | Found a shimmering blue altar of Sif Muna.
  6629 | D:7      | Found an ancient bone altar of Kikubaaqudgha.
  6779 | D:8      | Reached XP level 9. HP: 71/78 MP: 9/9
  7006 | D:8      | Noticed a two-headed ogre
  7170 | D:9      | Reached skill level 7 in Polearms
  7428 | D:9      | Reached skill level 8 in Polearms
  7550 | D:9      | Reached skill level 9 in Polearms
  7772 | D:9      | Noticed Maurice
  7799 | D:9      | Killed Maurice
  7800 | D:9      | Reached XP level 10. HP: 74/85 MP: 10/10
  8013 | D:9      | Found a sacrificial altar of Ru.
  8244 | D:10     | Entered Level 10 of the Dungeon
  8244 | D:10     | Noticed a two-headed ogre
  8256 | D:11     | Noticed an eight-headed hydra
  8326 | D:11     | Reached skill level 10 in Polearms
  8405 | D:11     | Found a staircase to the Lair.
  8502 | D:11     | Noticed Urug
  8507 | D:11     | Killed Urug
  8681 | D:11     | Reached skill level 11 in Polearms
  8685 | D:11     | Killed an eight-headed hydra
  8957 | D:10     | Noticed a cyclops
  8969 | D:10     | Killed a cyclops
  8981 | D:10     | Reached skill level 12 in Polearms
  9184 | D:11     | Noticed Joseph
  9201 | D:11     | Constricted to death by Joseph

Illustrated notes

Levels and vault maps discovered:
D:1:      eino_arrival_druids_welcome, layout_basic, serial_shops,
          nicolae_lakefront_shop, dilly_ecumenical_altar_fadedgnrine
D:2:      layout_loops_ring
D:3:      layout_basic, nicolae_overflow_crystal_walls
D:4:      layout_gridville, minmay_temple_entry_junction, serial_rivers,
          chequers_serial_rivers_micro_d, chequers_serial_rivers_small_b,
          chequers_serial_rivers_micro_e, chequers_serial_rivers_micro_b,
          chequers_serial_rivers_micro_a, chequers_serial_rivers_room_a,
          minmay_snake_closets
D:5:      layout_basic, grunt_temple_overflow_opulence, serial_shops,
          nicolae_shop_behind_doors, chequers_mini_garden,
          hangedman_decor_growths, grunt_ministairs_14, uniq_duvessa
D:6:      layout_layer_cave, mainiacjoe_overflow_surrounded_room, minivault_26
D:7:      layout_cave_pools, okawaru_gym_becter, kennysheep_mini_moat,
          minmay_overflow_temple_star_quad, gammafunk_temple_overflow_claw,
          gammafunk_ghost_wrathful_warriors, serial_shops, nicolae_diamond_shop,
          kennysheep_nub, hangedman_abyss_or_decor_lesser_grid, minivault_23,
          kennysheep_decorative_pillar
D:8:      layout_layer_cave
D:9:      layout_irregular_city, lemuel_round_altar, kennysheep_dice,
          uniq_maurice
D:10:     layout_rooms, mainiacjoe_overflow_chevrons
D:11:     layout_stronghold, erik_lair_island, minmay_sticks_and_stones,
          uniq_urug
Temple:   nicolae_temple_bog_church

Skill      XL: |  1  2  3  4  5  6  7  8  9 10 |
---------------+-------------------------------+-----
Fighting       | 4 5 6 7 8 9 10 | 10.0
Polearms       | 6 9 12 | 12.1
Dodging        | |  2.4
Stealth        | |  1.5

Action                   |  1- 3 |  4- 6 |  7- 9 | 10-12 || total
-------------------------+-------+-------+-------+-------++-------
Melee: Spear             |   170 |    17 |       |       ||   187
       War axe           |       |   159 |       |       ||   159
       Punch             |       |     1 |       |       ||     1
       Trident           |       |     6 |   420 |   125 ||   551
       Staff             |       |       |    26 |       ||    26
Throw: Boomerang         |       |    12 |    11 |     5 ||    28
       Dart              |       |       |    12 |    10 ||    22
       Javelin           |       |       |       |     4 ||     4
Invok: Potion Petition   |       |       |     1 |     2 ||     3
Evoke: Wand              |       |       |       |     1 ||     1
  Use: Scroll            |       |     1 |    22 |     8 ||    31
 Stab: Distracted        |       |       |     1 |     2 ||     3
Armor: Scale mail        |    51 |    81 |       |       ||   132
       Fire dragon scale |       |    21 |   172 |    39 ||   232
Dodge: Dodged            |    69 |    95 |    79 |    24 ||   267
Block: Tower shield      |       |    29 |   372 |   106 ||   507
